[Event "Titled Tuesday Blitz June 6 Early 2023"]
[White "Pavlidou, Ekaterini"]
[Black "Toktomushev, Teimur"]
[WhiteFideId "4213262"]
[BlackFideId "14176726"]
[WhiteElo "2126"]
[BlackElo "2116"]
[Result "1-0"]
[Round "9"]
[TimeControl "180+2"]
[Date "2023.06.06"]
[WhiteClock "0:00:09"]
[BlackClock "0:00:02"]
[Board "115"]

1. d4 d5 2. c4 e6 3. Nc3 Nf6 4. cxd5 exd5 5. Bg5 Be7 6. e3 c6 7. Bd3 Nbd7 8. Qc2 Nh5 9. Bxe7 Qxe7 10. Nf3 Nf4 11. Bf1 Nb6 12. O-O-O Ne6 13. Ne5 Bd7 14. f4 f6 15. Nd3 O-O-O 16. h4 Kb8 17. f5 Nc7 18. Qf2 Rhe8 19. Re1 Bc8 20. Nc5 Nd7 21. e4 Nxc5 22. dxc5 d4 23. Na4 d3 24. Qd2 Bxf5 25. Bxd3 Bg6 26. Rh3 Ne6 27. Qf2 Rd4 28. Bc2 Red8 29. Rc3 Rb4 30. a3 Rbd4 31. g4 h5 32. gxh5 Bxh5 33. b4 Nc7 34. Qg3 Ka8 35. Nb2 Nb5 36. Rce3 a5 37. a4 Nc7 38. e5 f5 39. Qg5 Qxg5 40. hxg5 Rxb4 41. Bxf5 Rd5 42. e6 Rxc5+ 43. Bc2 Bg6 44. R1e2 Rxc2+ 45. Rxc2 Bxc2 46. Kxc2 Rd4 47. e7 Ne8 48. Nd3 Rd7 49. Nf4 Kb8 50. Ng6 Kc8 51. Nf8 Rd6 52. g6 Rf6 53. Rd3 Kc7 54. Rd8 Nd6 55. Rxd6 1-0


[Site "https://www.chess.com"]

[Event "Titled Tuesday Blitz June 6 Early 2023"]
[White "Fernandez Garcia, Gumersindo"]
[Black "Yanayt, Eugene"]
[WhiteFideId "24516740"]
[BlackFideId "2020165"]
[WhiteElo "2093"]
[BlackElo "2083"]
[Result "0-1"]
[Round "9"]
[TimeControl "180+2"]
[Date "2023.06.06"]
[WhiteClock "0:00:06"]
[BlackClock "0:00:11"]
[Board "116"]

1. d4 Nf6 2. c4 g6 3. Nc3 Bg7 4. e4 O-O 5. Be2 d6 6. Be3 Nc6 7. g4 e5 8. d5 Nd4 9. f3 h5 10. g5 Nd7 11. h4 a5 12. Nh3 a4 13. Nf2 Nc5 14. Nd3 Nxd3+ 15. Bxd3 f6 16. Be2 fxg5 17. Bxg5 Bf6 18. Rg1 Bxg5 19. Rxg5 Qf6 20. Qd3 Nxf3+ 21. Bxf3 Qxf3 22. Qxf3 Rxf3 23. Rxg6+ Kh7 24. Rg5 Bg4 25. O-O-O a3 26. Rd2 axb2+ 27. Kxb2 Raf8 28. Nb5 R8f7 29. c5 dxc5 30. Rxe5 c4 31. Rc2 Bd7 32. Rxh5+ Kg6 33. Rg5+ Kh6 34. Nd4 Rd3 35. Rxc4 Bh3 36. e5 Bf1 37. Nf5+ Kh7 38. e6 Rd2+ 39. Rc2 Rxc2+ 40. Kxc2 Rf8 41. Rg7+ Kh8 42. Rf7 Re8 43. Rxc7 Bg2 44. Rd7 Be4+ 45. Kc3 Bxf5 46. Rxb7 Be4 47. Kd4 Bg2 48. a4 Rd8 49. Rb5 Kg8 50. Ke5 Kf8 51. d6 Ke8 52. Rb7 Bxb7 53. Kf6 Rxd6 54. h5 Bc8 55. h6 Rxe6+ 56. Kg7 Re7+ 57. Kg6 Ba6 58. h7 Bd3+ 59. Kg5 Bxh7 60. Kf6 Be4 61. a5 Ba8 62. a6 Kf8 63. Kf5 Kf7 64. Kf4 Re6 65. a7 Kf6 66. Kg3 Re4 67. Kf3 Kf5 68. Kf2 Kf4 69. Kg2 Re2+ 70. Kf1 Kf3 71. Kg1 Ra2 72. Kh1 Kg3+ 73. Kg1 Ra1# 0-1


[Site "https://www.chess.com"]

[Event "Titled Tuesday Blitz June 6 Early 2023"]
[White "Avazkhonov, Alikhon"]
[Black "Dubreuil, Julien"]
[WhiteFideId "14208504"]
[BlackFideId "621285"]
[WhiteElo "1739"]
[BlackElo "2282"]
[Result "1-0"]
[Round "9"]
[TimeControl "180+2"]
[Date "2023.06.06"]
[WhiteClock "0:00:15"]
[BlackClock "0:01:15"]
[Board "117"]

1. e4 e5 2. Nf3 Nc6 3. Bb5 Bc5 4. O-O Qf6 5. Nc3 Nge7 6. Nd5 Nxd5 7. exd5 Nd4 8. Nxe5 Nxb5 9. Ng4 Qf5 10. Qe2+ Kf8 11. Qxb5 Qxd5 12. d4 d6 13. Nf6 gxf6 14. Bh6+ Ke7 15. Rfe1+ Be6 16. dxc5 Rhg8 17. cxd6+ cxd6 18. Qxd5 1-0


[Site "https://www.chess.com"]

[Event "Titled Tuesday Blitz June 6 Early 2023"]
[White "Marchesich, Giovanni"]
[Black "Vyatkin, Dmitry"]
[WhiteFideId "2824790"]
[BlackFideId "4171900"]
[WhiteElo "2213"]
[BlackElo "2279"]
[Result "0-1"]
[Round "9"]
[TimeControl "180+2"]
[Date "2023.06.06"]
[WhiteClock "0:00:02"]
[BlackClock "0:00:21"]
[Board "118"]

1. d4 Nf6 2. Bf4 g6 3. Nc3 d5 4. e3 Bg7 5. h4 O-O 6. h5 Nxh5 7. Rxh5 gxh5 8. Qxh5 f5 9. Nf3 e6 10. Bd3 Na6 11. O-O-O Qe8 12. Qh2 c5 13. Rh1 Qg6 14. g4 Nb4 15. gxf5 Nxd3+ 16. cxd3 Qxf5 17. dxc5 Bd7 18. Rg1 Be8 19. Rxg7+ Kxg7 20. Qh6+ Kg8 21. Nd4 Qf6 22. Qh2 Bg6 23. Nf3 Bxd3 24. Ne5 Bg6 25. Ne2 Rac8 26. b4 a5 27. a3 axb4 28. axb4 b6 29. c6 Qf5 30. Nd4 Qb1+ 31. Kd2 Ra8 32. Ke2 Ra2+ 33. Kf3 Qe4+ 34. Kg3 Rxf4 35. exf4 Qxd4 36. c7 Rc2 37. Qh4 Qxf2+ 38. Kg4 Qg2+ 39. Qg3 Qxg3+ 40. Kxg3 Rxc7 0-1


[Site "https://www.chess.com"]

[Event "Titled Tuesday Blitz June 6 Early 2023"]
[White "Antonio, Jorge Carlos"]
[Black "Manukian, Artak"]
[WhiteFideId "113190"]
[BlackFideId "13301373"]
[WhiteElo "2247"]
[BlackElo "2130"]
[Result "1-0"]
[Round "9"]
[TimeControl "180+2"]
[Date "2023.06.06"]
[WhiteClock "0:00:21"]
[BlackClock "0:00:02"]
[Board "119"]

1. d4 Nf6 2. Nf3 d5 3. Bf4 c5 4. e3 Nc6 5. c3 Qb6 6. Qb3 c4 7. Qxb6 axb6 8. Nbd2 b5 9. Be2 b4 10. O-O b5 11. Ne5 Nxe5 12. dxe5 bxc3 13. bxc3 Nd7 14. Rfb1 Ra5 15. e4 e6 16. exd5 exd5 17. Bf3 Nb6 18. Be3 Na4 19. Bd4 Be6 20. Bd1 Kd7 21. Bxa4 bxa4 22. a3 Bc5 23. Nf3 Bg4 24. Bxc5 Rxc5 25. Nd4 Rhc8 26. Rb7+ R8c7 27. Rxc7+ Rxc7 28. Rb1 g6 29. Rb4 Bd1 30. f3 Bb3 31. Kf2 Ke7 32. f4 h5 33. g3 Kf8 34. h3 Kg7 35. g4 hxg4 36. hxg4 Rc8 37. Rb5 Rh8 38. Kg3 Rh1 39. Rb7 Kf8 40. f5 gxf5 41. gxf5 Rc1 42. e6 fxe6 43. fxe6 Rxc3+ 44. Kf4 Rc1 45. Ke5 Re1+ 46. Kxd5 c3+ 47. Kd6 c2 48. Nxc2 Bxc2 49. Rf7+ Kg8 50. Rf2 Bb3 51. e7 Kg7 52. Kd7 Bf7 53. Kd8 Rd1+ 54. Kc7 Rd3 55. Rg2+ Kf6 56. Re2 Be8 57. Kc8 Kf7 58. Re4 Rxa3 59. Kd8 Rd3+ 60. Kc7 a3 61. Re2 Rb3 62. Kd8 Rd3+ 63. Kc7 Ba4 64. Re4 1-0


[Site "https://www.chess.com"]

[Event "Titled Tuesday Blitz June 6 Early 2023"]
[White "agvania123"]
[Black "Tarasova, Viktoriya"]
[BlackFideId "4175840"]
[WhiteElo "2248"]
[BlackElo "2182"]
[Result "0-1"]
[Round "9"]
[TimeControl "180+2"]
[Date "2023.06.06"]
[WhiteClock "0:00:19"]
[BlackClock "0:00:14"]
[Board "120"]

1. d4 Nf6 2. Nf3 e6 3. g3 b6 4. Bg2 Bb7 5. O-O c5 6. c4 cxd4 7. Qxd4 Be7 8. b3 O-O 9. Bb2 Nc6 10. Qd2 d6 11. Nc3 Qc7 12. Rfd1 a6 13. Rac1 Rad8 14. Nd5 exd5 15. cxd5 Qd7 16. dxc6 Bxc6 17. Qc3 Ba8 18. e3 Rc8 19. Qd4 b5 20. h4 Rxc1 21. Rxc1 Rc8 22. Rxc8+ Qxc8 23. Ne1 Bxg2 24. Nxg2 h6 25. Ne1 Qc6 26. Qc3 Qxc3 27. Bxc3 Ne4 28. Bb4 Kf8 29. Kg2 Ke8 30. Nd3 Kd7 31. Kf3 Nf6 32. e4 Ke6 33. Nf4+ Kd7 34. Bc3 Ne8 35. Nd5 Bd8 36. Bd4 h5 37. Ke3 g6 38. f4 Nc7 39. Nxc7 Bxc7 40. b4 Ke6 41. Kd3 d5 42. a3 dxe4+ 43. Kxe4 f5+ 44. Kd3 Kd5 45. Bc5 Bd8 46. Bd4 Be7 47. Be5 Bd8 48. Bd4 Bc7 49. Bc5 a5 50. bxa5 Kxc5 51. a6 Kb6 52. Kd4 Bd6 53. Kd5 Bxa3 54. Ke6 b4 55. Kf7 b3 56. Kxg6 b2 57. Kxh5 b1=Q 58. Kg6 Qg1 59. h5 Qxg3+ 60. Kh7 Qxf4 61. a7 Kxa7 62. h6 Qg5 63. Kh8 f4 64. h7 Bb2# 0-1


[Site "https://www.chess.com"]

[Event "Titled Tuesday Blitz June 6 Early 2023"]
[White "Araujo Filho, Luiz Antonio Coel"]
[Black "Barbot, Pierre"]
[WhiteFideId "2130661"]
[BlackFideId "663727"]
[WhiteElo "2056"]
[BlackElo "2431"]
[Result "0-1"]
[Round "9"]
[TimeControl "180+2"]
[Date "2023.06.06"]
[WhiteClock "0:00:01"]
[BlackClock "0:00:04"]
[Board "121"]

1. d4 Nf6 2. Nf3 g6 3. c4 d5 4. Nc3 Bg7 5. cxd5 Nxd5 6. e4 Nxc3 7. bxc3 O-O 8. Be2 c5 9. Be3 cxd4 10. cxd4 Qa5+ 11. Bd2 Qa3 12. O-O Nc6 13. Be3 Rd8 14. h3 Bd7 15. Qd2 Rac8 16. Rab1 Na5 17. d5 b6 18. Nd4 Ba4 19. Qb4 Qxb4 20. Rxb4 Bd7 21. Bb5 Bxb5 22. Nxb5 a6 23. Bxb6 axb5 24. Bxa5 Rd7 25. Rxb5 Ra7 26. Bb6 Rxa2 27. Be3 Be5 28. Rb7 Bd6 29. g3 Rcc2 30. Kg2 f6 31. Kf3 g5 32. g4 h5 33. gxh5 Kh7 34. Rfb1 Kh6 35. R1b6 Kxh5 36. Rxd6 exd6 37. Rd7 Ra6 38. Rf7 Kg6 39. Rf8 Rc3 40. Kg4 Rc4 41. Kf3 Raa4 42. Rd8 Ra6 43. Re8 Kf7 44. Rd8 Ke7 45. Rb8 Raa4 46. Rb7+ Kd8 47. Rf7 Rxe4 48. Rxf6 Re5 49. Rxd6+ Ke7 50. Bc5 Rf5+ 51. Kg2 Kf7 52. Rb6 Rxd5 53. Be3 Kg7 54. Rb7+ Kg6 55. Rb6+ Kf5 56. Rb7 Ke4 57. Re7+ Kd3 58. Kf3 Raa5 59. Kg4 Rf5 60. Kh5 g4+ 61. Kxg4 Rfd5 62. Kf3 Ra4 63. Kg3 Rf5 64. Rd7+ Ke2 65. h4 Rf8 66. h5 Rg8+ 67. Kh3 Kf3 68. Rd5 Rgg4 69. Rf5+ Ke2 70. Re5 Rh4+ 71. Kg3 Rag4# 0-1


[Site "https://www.chess.com"]

[Event "Titled Tuesday Blitz June 6 Early 2023"]
[White "Vivas Zamora, Fabian Ernesto"]
[Black "Lakshmi C"]
[WhiteFideId "3902480"]
[BlackFideId "25035347"]
[WhiteElo "2244"]
[BlackElo "1942"]
[Result "1-0"]
[Round "9"]
[TimeControl "180+2"]
[Date "2023.06.06"]
[WhiteClock "0:00:23"]
[BlackClock "0:00:01"]
[Board "122"]

1. e4 c5 2. Nc3 Nc6 3. Bb5 g6 4. Bxc6 dxc6 5. d3 e5 6. Be3 Qe7 7. Qd2 Bg7 8. Nge2 Nf6 9. h3 Be6 10. b3 Nd7 11. O-O f5 12. f4 O-O 13. Rae1 Rae8 14. Ng3 Qd6 15. exf5 gxf5 16. Kh2 Rf7 17. fxe5 Bxe5 18. Bf4 Ref8 19. Bxe5 Nxe5 20. Qf4 Qd5 21. Nxd5 1-0


[Site "https://www.chess.com"]

[Event "Titled Tuesday Blitz June 6 Early 2023"]
[White "Schuh, Karsten"]
[Black "Sanchez, Robert"]
[WhiteFideId "4637950"]
[BlackFideId "2034360"]
[WhiteElo "2177"]
[BlackElo "1823"]
[Result "1/2-1/2"]
[Round "9"]
[TimeControl "180+2"]
[Date "2023.06.06"]
[WhiteClock "0:00:16"]
[BlackClock "0:00:03"]
[Board "123"]

1. Nf3 Nf6 2. c4 g6 3. b4 d6 4. Bb2 Bg7 5. g3 O-O 6. Bg2 Nbd7 7. O-O e5 8. d3 Re8 9. Nbd2 h6 10. Qc2 Nf8 11. c5 Nh5 12. Rac1 d5 13. b5 c6 14. a4 a6 15. bxc6 bxc6 16. e4 Rb8 17. Ba1 d4 18. Nc4 f5 19. Nd6 Re7 20. exf5 gxf5 21. Rfe1 Ng6 22. Qc4+ Be6 23. Qxa6 Qd7 24. Qa5 Rb3 25. Qd2 f4 26. Qc2 Rb8 27. Nd2 Rf8 28. N2e4 Bh3 29. f3 fxg3 30. hxg3 Ngf4 31. Bh1 Re6 32. Kh2 Rg6 33. a5 Be6 34. a6 Qe7 35. Rg1 Nxg3 36. Rxg3 Qh4+ 37. Kg1 Rxg3+ 38. Nxg3 Qxg3+ 39. Bg2 Nh3+ 40. Kf1 Rxf3+ 41. Bxf3 Qxf3+ 42. Ke1 Qe3+ 43. Kf1 Qf3+ 44. Ke1 Qe3+ 45. Kf1 Qf3+ 1/2-1/2


[Site "https://www.chess.com"]

[Event "Titled Tuesday Blitz June 6 Early 2023"]
[White "Torres Dominguez, David"]
[Black "Do Nascimento,Christian Almeida"]
[WhiteFideId "2220857"]
[BlackFideId "2143801"]
[WhiteElo "1999"]
[BlackElo "2078"]
[Result "0-1"]
[Round "9"]
[TimeControl "180+2"]
[Date "2023.06.06"]
[WhiteClock "0:00:22"]
[BlackClock "0:02:26"]
[Board "124"]

1. e4 c5 2. Nc3 g6 3. d4 cxd4 4. Qxd4 Nf6 5. Bg5 Nc6 6. Qd2 Bg7 7. O-O-O O-O 8. Bh6 d6 9. h4 Qa5 10. Kb1 Be6 11. h5 Nxe4 12. Qd3 Nxc3+ 13. bxc3 Qxa2+ 14. Kc1 Bxh6+ 15. f4 Bxf4+ 0-1


[Site "https://www.chess.com"]

[Event "Titled Tuesday Blitz June 6 Early 2023"]
[White "Jiganchine, Roman"]
[Black "Aloma Vidal, Robert"]
[WhiteFideId "2603667"]
[BlackFideId "2260409"]
[WhiteElo "2298"]
[BlackElo "2435"]
[Result "0-1"]
[Round "9"]
[TimeControl "180+2"]
[Date "2023.06.06"]
[WhiteClock "0:00:08"]
[BlackClock "0:00:39"]
[Board "125"]

1. e4 e5 2. Nf3 Nf6 3. Nc3 Nc6 4. Bb5 Nd4 5. O-O c6 6. Bc4 d6 7. h3 b5 8. Bd3 Be7 9. Nxd4 exd4 10. Ne2 Qb6 11. Ng3 c5 12. e5 dxe5 13. Re1 c4 14. Bf5 Qc7 15. a4 b4 16. d3 c3 17. bxc3 bxc3 18. Rb1 O-O 19. Qf3 Rb8 20. Rb5 Bd6 21. Bg5 Rxb5 22. Bxf6 Rb6 23. Bxg7 Kxg7 24. Nh5+ Kh8 25. Bxc8 Qe7 26. Bf5 Qg5 27. Re4 Rb1+ 28. Kh2 Re1 29. Ng3 Rxe4 30. Nxe4 Qh6 31. g3 Be7 32. a5 Bf6 33. Bg4 Bg7 34. Qf5 Qg6 35. Qd7 f5 36. Bxf5 Qxf5 37. Qxa7 Qf7 38. Qb6 Qg6 39. a6 Qxb6 0-1


[Site "https://www.chess.com"]

[Event "Titled Tuesday Blitz June 6 Early 2023"]
[White "Sarkar, Justin"]
[Black "Begunov, Konstantin"]
[WhiteFideId "2010011"]
[BlackFideId "4118510"]
[WhiteElo "2151"]
[BlackElo "1993"]
[Result "0-1"]
[Round "9"]
[TimeControl "180+2"]
[Date "2023.06.06"]
[WhiteClock "0:00:02"]
[BlackClock "0:01:52"]
[Board "126"]

1. d4 d5 2. c4 c6 3. Nf3 Nf6 4. Nc3 dxc4 5. a4 Bg4 6. Ne5 Bh5 7. g3 e6 8. Bg2 Bb4 9. O-O Nd5 10. Qc2 a5 11. Nxc4 Nb6 12. Nxb6 Qxb6 13. Rd1 O-O 14. Be3 Qa6 15. Bf4 Nd7 16. h3 Nf6 17. g4 Bg6 18. Qb3 Nd5 19. Nxd5 exd5 20. e3 f5 21. g5 Qb6 22. Bf1 Bh5 23. Rdc1 Bf3 24. Bg2 Bxg2 25. Kxg2 Rf7 26. Qd3 Qd8 27. Rh1 Bd6 28. h4 Bxf4 29. exf4 Qd6 0-1


[Site "https://www.chess.com"]

[Event "Titled Tuesday Blitz June 6 Early 2023"]
[White "Sovetbekova, Nurai"]
[Black "le-castor-faineant"]
[WhiteFideId "13801910"]
[WhiteElo "1857"]
[BlackElo "2230"]
[Result "1-0"]
[Round "9"]
[TimeControl "180+2"]
[Date "2023.06.06"]
[WhiteClock "0:00:47"]
[BlackClock "0:01:01"]
[Board "127"]

1. d4 Nf6 2. c4 g6 3. Nc3 Bg7 4. e4 d6 5. Nf3 O-O 6. Be2 Nbd7 7. O-O e5 8. Be3 Re8 9. Qc2 a5 10. d5 Ng4 11. Bg5 Ngf6 12. a3 h6 13. Bh4 g5 14. Bg3 Nc5 15. b4 axb4 16. axb4 Rxa1 17. Rxa1 Ncxe4 18. Nxe4 Nxe4 19. Qxe4 f5 20. Qc2 f4 21. Ra8 fxg3 22. hxg3 e4 23. Nd2 e3 24. fxe3 Rxe3 25. Bg4 Bd4 26. Kh2 Qf6 27. Rxc8+ Kg7 28. Rxc7+ Re7 29. Rxe7+ Qxe7 30. Nf3 Ba7 31. Be6 Qf6 32. Qf5 Qc3 33. Qf7+ Kh8 34. Qg8# 1-0


[Site "https://www.chess.com"]

[Event "Titled Tuesday Blitz June 6 Early 2023"]
[White "Korpics, Zsolt"]
[Black "Samaganova, Aleksandra"]
[WhiteFideId "705241"]
[BlackFideId "13800221"]
[WhiteElo "2346"]
[BlackElo "1858"]
[Result "0-1"]
[Round "9"]
[TimeControl "180+2"]
[Date "2023.06.06"]
[WhiteClock "0:00:13"]
[BlackClock "0:00:12"]
[Board "128"]

1. e4 c5 2. Nc3 e6 3. Nf3 a6 4. g3 b5 5. Bg2 Bb7 6. d3 Nf6 7. O-O d5 8. Qe2 Be7 9. Bd2 b4 10. e5 bxc3 11. exf6 Bxf6 12. Bxc3 Nd7 13. Bxf6 Qxf6 14. c3 O-O 15. d4 Rfc8 16. Ne5 Nxe5 17. dxe5 Qe7 18. Rad1 a5 19. Qg4 a4 20. h4 Ba6 21. Rfe1 Rab8 22. Rd2 a3 23. b3 Rd8 24. Red1 h6 25. Bf1 Bxf1 26. Kxf1 Qc7 27. f4 Qa5 28. Qf3 Qb5+ 29. Kg2 c4 30. b4 Qb6 31. Rd4 Rdc8 32. g4 Qc7 33. g5 hxg5 34. hxg5 Kf8 35. Qh5 Ke7 36. Qh7 Rh8 37. Qxg7 Rbg8 38. Qf6+ Ke8 39. f5 Qe7 40. Qxe7+ Kxe7 41. f6+ Ke8 42. Rg4 Rg6 43. Kf3 Rh3+ 44. Kf4 Rxc3 45. Rb1 Rd3 46. b5 Rd4+ 47. Kf3 Rxg4 48. Kxg4 Kd8 49. b6 Kc8 50. Kf4 Kb7 51. Rb4 Rg8 52. Rb1 Rh8 53. g6 fxg6 54. Kg5 Rg8 55. f7 Rf8 56. Kf6 c3 57. Ke7 Rc8 58. f8=Q Rxf8 59. Kxf8 d4 60. Ke7 d3 61. Rd1 c2 62. Rxd3 c1=Q 63. Rd7+ Kxb6 64. Rd6+ Kc5 65. Rxe6 Qg5+ 66. Rf6 Qxe5+ 67. Kf7 Qxf6+ 68. Kxf6 Kc4 69. Kxg6 Kc3 70. Kf5 Kb2 71. Ke4 Kxa2 72. Kd3 Kb2 73. Kd2 a2 74. Kd3 a1=Q 75. Kc4 Qc1+ 76. Kb4 Qc3+ 77. Ka4 Qb3+ 78. Ka5 Kc3 79. Ka6 Kc4 80. Ka5 Qb5# 0-1


[Site "https://www.chess.com"]

[Event "Titled Tuesday Blitz June 6 Early 2023"]
[White "Kriti Mayur Patel"]
[Black "Mejia, Cherry Ann"]
[WhiteFideId "35061780"]
[BlackFideId "5206880"]
[WhiteElo "1306"]
[BlackElo "2007"]
[Result "0-1"]
[Round "9"]
[TimeControl "180+2"]
[Date "2023.06.06"]
[WhiteClock "0:00:12"]
[BlackClock "0:00:17"]
[Board "129"]

1. e4 c5 2. d4 cxd4 3. c3 Nf6 4. e5 Nd5 5. Bc4 Nb6 6. Bb3 e6 7. Nf3 d6 8. exd6 Bxd6 9. O-O O-O 10. cxd4 Nc6 11. Nc3 Nb4 12. Nb5 Bb8 13. Bg5 f6 14. Be3 a6 15. Nc3 N4d5 16. Rc1 Bd7 17. Qe2 Bc6 18. Rfd1 Nxc3 19. Bxe6+ Kh8 20. bxc3 Bxf3 21. Qxf3 Qd6 22. Qh3 f5 23. d5 Nc4 24. Bd4 Qf4 25. g3 Qg5 26. Bc5 Bd6 27. Bxd6 Nxd6 28. c4 b6 29. Rb1 Nxc4 30. d6 Nd2 31. Rxb6 Nf3+ 32. Kg2 f4 33. Kxf3 fxg3+ 34. Kg2 Rxf2+ 35. Kg1 Rxh2 36. Qf5 Qe3+ 37. Kf1 Rf2+ 38. Kg1 Rxf5+ 39. Kg2 Qf2+ 40. Kh3 Rh5+ 41. Kg4 Qe2+ 42. Kxg3 Qxe6 43. d7 Rg5+ 44. Kh4 Qg4# 0-1


[Site "https://www.chess.com"]

[Event "Titled Tuesday Blitz June 6 Early 2023"]
[White "Quirke, Jeffrey"]
[Black "Llanos, Guillermo"]
[WhiteFideId "2013029"]
[BlackFideId "100358"]
[WhiteElo "2209"]
[BlackElo "2210"]
[Result "0-1"]
[Round "9"]
[TimeControl "180+2"]
[Date "2023.06.06"]
[WhiteClock "0:00:01"]
[BlackClock "0:00:35"]
[Board "130"]

1. e4 Nf6 2. Nc3 d5 3. e5 Nfd7 4. d4 c5 5. e6 fxe6 6. Nf3 g6 7. h4 Bg7 8. Be3 Nc6 9. h5 cxd4 10. Nxd4 Nxd4 11. Bxd4 e5 12. hxg6 exd4 13. Rxh7 dxc3 14. Rxh8+ Bxh8 15. Qh5 Bg7 16. O-O-O Nf6 17. Qh4 cxb2+ 18. Kb1 Bf5 19. Bb5+ Kf8 20. Rh1 Bxg6 0-1


[Site "https://www.chess.com"]

[Event "Titled Tuesday Blitz June 6 Early 2023"]
[White "Antonova, Nadezhda"]
[Black "Chuemsakul, Sarocha"]
[WhiteFideId "14700182"]
[BlackFideId "6203710"]
[WhiteElo "1795"]
[BlackElo "1686"]
[Result "1-0"]
[Round "9"]
[TimeControl "180+2"]
[Date "2023.06.06"]
[WhiteClock "0:00:56"]
[BlackClock "0:00:10"]
[Board "131"]

1. Nf3 Nf6 2. b3 g6 3. Bb2 Bg7 4. g3 O-O 5. Bg2 d6 6. d4 Nbd7 7. O-O Rb8 8. Nbd2 b5 9. e4 c5 10. Re1 Ne8 11. Rb1 a5 12. c4 b4 13. e5 Bb7 14. d5 dxe5 15. Nxe5 Nxe5 16. Bxe5 Bxe5 17. Rxe5 Nd6 18. Qe2 Re8 19. Re1 Nf5 20. Nf3 a4 21. Qd3 axb3 22. axb3 Bc8 23. d6 Qxd6 24. Qxd6 Nxd6 25. Rxc5 Bf5 26. Rc7 Bc2 27. Nd4 Bd3 28. Re3 Bb1 29. Rexe7 Rxe7 30. Rxe7 Rc8 31. Bd5 1-0


[Site "https://www.chess.com"]

[Event "Titled Tuesday Blitz June 6 Early 2023"]
[White "Mazurkiewicz, Michal"]
[Black "ZeGood_ZeBad_ZeUgly"]
[WhiteFideId "1124943"]
[WhiteElo "2063"]
[BlackElo "2204"]
[Result "1/2-1/2"]
[Round "9"]
[TimeControl "180+2"]
[Date "2023.06.06"]
[WhiteClock "0:00:07"]
[BlackClock "0:00:03"]
[Board "132"]

1. e4 c5 2. Nf3 e6 3. d3 Nc6 4. g3 d5 5. Nbd2 g6 6. Bg2 Bg7 7. O-O Nge7 8. Re1 O-O 9. Qe2 Qc7 10. e5 b5 11. h4 Bb7 12. Nf1 d4 13. N1h2 h5 14. Bf4 Nd5 15. Bg5 a5 16. g4 hxg4 17. Nxg4 a4 18. Qd2 Nce7 19. Nf6+ Kh8 20. h5 Nf5 21. Bh3 Bxf6 22. Bxf5 Bxg5 23. Qxg5 exf5 24. Qh6+ Kg8 25. Ng5 f6 26. exf6 Rxf6 27. Ne6 Qh7 28. Qg5 Qxh5 29. Qxh5 gxh5 30. Nxc5 Rg6+ 31. Kh2 Bc6 32. Re5 Nf4 33. Rxf5 Rg2+ 34. Kh1 Rxf2+ 35. Ne4 Rf8 36. Rg1+ Ng2 37. Rxg2+ Rxg2 38. Rxf8+ Kxf8 39. Kxg2 Kf7 40. Kg3 Ke6 41. Ng5+ Ke5 42. Nh3 Bd5 43. Nf4 Bxa2 44. Nxh5 Bb1 45. Nf4 Bxc2 46. Ng6+ Kf6 47. Nf4 b4 48. Kf3 Ke5 49. Ne2 a3 50. bxa3 bxa3 51. Nc1 Bb1 52. Ke2 a2 53. Nb3 Kd5 54. Kd2 Kc6 55. Kc1 Kb5 56. Kb2 Kb4 57. Na1 Bxd3 58. Kxa2 Bc4+ 59. Kb2 Bb5 60. Nc2+ Kc5 61. Kc1 d3 62. Ne3 Kd4 63. Nf1 Kc3 64. Nd2 Bc6 65. Nb1+ 1/2-1/2


[Site "https://www.chess.com"]

[Event "Titled Tuesday Blitz June 6 Early 2023"]
[White "Cramling Bellon, Anna"]
[Black "Shapiro, Daniel"]
[WhiteFideId "32009232"]
[BlackFideId "2001780"]
[WhiteElo "1976"]
[BlackElo "2358"]
[Result "1/2-1/2"]
[Round "9"]
[TimeControl "180+2"]
[Date "2023.06.06"]
[WhiteClock "0:00:08"]
[BlackClock "0:00:14"]
[Board "133"]

1. d4 Nf6 2. c4 e6 3. Nc3 Bb4 4. Qc2 c5 5. dxc5 Bxc5 6. Nf3 Qb6 7. e3 Qc7 8. Bd3 a6 9. O-O Be7 10. e4 d6 11. Bf4 Nbd7 12. Rfe1 Ne5 13. Nxe5 dxe5 14. Be3 b6 15. Na4 Rb8 16. c5 b5 17. Nb6 Bb7 18. a4 Ng4 19. axb5 Nxe3 20. fxe3 Bxc5 21. bxa6 Qxb6 22. axb7 Bxe3+ 23. Kh1 O-O 24. Ra6 Qd4 25. Ra4 Qb6 26. Ba6 Bd4 27. h3 h6 28. Qe2 Qxb2 29. Qxb2 Bxb2 30. Rc4 Bd4 31. Rc8 Ba7 32. Rec1 g6 33. g4 Kg7 34. Rxf8 Kxf8 35. Rc8+ Ke7 36. Kg2 Kd7 37. Kf3 Ke7 38. Ke2 f5 39. gxf5 exf5 40. exf5 gxf5 41. Kd3 Kf6 42. Rc6+ Kg5 43. h4+ Kf4 44. Rxh6 e4+ 45. Ke2 Kg3 46. Rh7 f4 47. Rg7+ Kxh4 48. Rf7 f3+ 49. Kf1 Kg3 50. Rg7+ Kf4 51. Rf7+ Ke3 52. Rc7 Kd2 53. Rd7+ Ke3 54. Rc7 Kf4 55. Rc8 Ke5 56. Re8+ Kd4 57. Rxb8 Bxb8 58. Ke1 Bf4 59. Kf1 Bb8 60. Ke1 Ba7 61. Kf1 e3 62. Ke1 Ke4 63. Kf1 Kf4 64. Ke1 Kg3 65. Bf1 Kf4 66. Bc4 Ke4 67. Ba6 Kd4 68. Kf1 Kc3 69. Ke1 Kd4 70. Kf1 Kc5 71. Ke1 Kb6 72. Bd3 Kxb7 73. Be4+ Kb6 74. Bxf3 Kc5 75. Ke2 Kd4 76. Bg4 Ke5 77. Bf3 Kf4 78. Bg2 Ke5 79. Bf3 Kf4 80. Bg2 Ke5 81. Bf3 1/2-1/2


[Site "https://www.chess.com"]

[Event "Titled Tuesday Blitz June 6 Early 2023"]
[White "Ciuffoletti, Paolo"]
[Black "Rodriguez Santiago, Jaime"]
[WhiteFideId "807630"]
[BlackFideId "3100898"]
[WhiteElo "2143"]
[BlackElo "2025"]
[Result "0-1"]
[Round "9"]
[TimeControl "180+2"]
[Date "2023.06.06"]
[WhiteClock "0:00:01"]
[BlackClock "0:00:08"]
[Board "134"]

1. e4 c6 2. d4 d5 3. exd5 cxd5 4. c4 e6 5. Nc3 Nf6 6. Nf3 Be7 7. cxd5 Nxd5 8. Bd3 h6 9. O-O Nc6 10. Re1 O-O 11. a3 Bf6 12. Bc2 Nxc3 13. bxc3 Ne7 14. Ne5 Bxe5 15. Rxe5 b6 16. Bxh6 Ng6 17. Bxg6 fxg6 18. Bg5 Qc7 19. Qd3 Bb7 20. Qxg6 Qxc3 21. Qxe6+ Rf7 22. Rae1 Rf8 23. d5 Bc8 24. Qc6 Qb2 25. R5e2 Qd4 26. Be3 Qd3 27. Rd2 Qxa3 28. d6 Bb7 29. Qc4 Qa5 30. d7 Rd8 31. Red1 Qh5 32. Qc7 Rff8 33. h3 Ba8 34. Qd6 Qf7 35. Qd4 Qg6 36. Bf4 Qxg2# 0-1


[Site "https://www.chess.com"]

[Event "Titled Tuesday Blitz June 6 Early 2023"]
[White "Todorovic, Bojan"]
[Black "campochess"]
[WhiteFideId "917087"]
[WhiteElo "2266"]
[BlackElo "2154"]
[Result "0-1"]
[Round "9"]
[TimeControl "180+2"]
[Date "2023.06.06"]
[WhiteClock "0:00:17"]
[BlackClock "0:00:42"]
[Board "135"]

1. d4 Nf6 2. c4 c5 3. d5 b5 4. cxb5 a6 5. e3 e6 6. Nc3 axb5 7. Bxb5 Bb7 8. dxe6 fxe6 9. Nf3 Be7 10. O-O O-O 11. a4 Qc7 12. h3 Ne4 13. Nxe4 Bxe4 14. Nd2 Bc6 15. Ra3 Na6 16. Nc4 Nb4 17. e4 Bxe4 18. Qxd7 Qxd7 19. Bxd7 Bd5 20. Nb6 Ra7 21. Nxd5 exd5 22. Be6+ Kh8 23. Be3 d4 24. Bd2 Rf6 25. Bc4 Nc6 26. a5 Ne5 27. Rc1 Rg6 28. Bf4 Nc6 29. Bd5 Nb4 30. Bf3 Rga6 31. Bd2 Nc6 32. Bxc6 Rxc6 33. b4 c4 34. b5 Bxa3 35. bxc6 Bxc1 36. Bxc1 Rxa5 0-1


[Site "https://www.chess.com"]

[Event "Titled Tuesday Blitz June 6 Early 2023"]
[White "Francisco_Ferrari"]
[Black "Kuzmin, Ilya"]
[BlackFideId "4153863"]
[WhiteElo "2143"]
[BlackElo "2093"]
[Result "1-0"]
[Round "9"]
[TimeControl "180+2"]
[Date "2023.06.06"]
[WhiteClock "0:00:05"]
[BlackClock "0:00:02"]
[Board "136"]

1. Nf3 Nf6 2. g3 c5 3. Bg2 Nc6 4. O-O e5 5. c4 d6 6. Nc3 g6 7. d3 Bg7 8. Bg5 O-O 9. Qd2 Ne7 10. a3 Be6 11. b4 b6 12. bxc5 bxc5 13. Rab1 Rb8 14. Rxb8 Qxb8 15. Rb1 Qc8 16. Bxf6 Bxf6 17. Ne4 Bg7 18. Nxd6 Qa6 19. Nb5 h6 20. Qe3 Rc8 21. Nxe5 Nf5 22. Qe4 Qa4 23. Nc3 Qc2 24. Nxg6 Qxc3 25. g4 Nd6 26. Qf4 Rd8 27. Ne7+ Kh8 28. Nc6 Qc2 29. Rc1 Qxe2 30. Nxd8 Ne8 31. Nxe6 fxe6 32. Qe4 Qd2 33. Re1 Bd4 34. Qe2 Qf4 35. Be4 Nf6 36. Qf3 1-0


[Site "https://www.chess.com"]